 Dungeon Crawl Stone Soup version 0.22-a0-284-g99d1f7439c (webtiles) character file.

201 Infinimo the Conjurer (level 5, -1/28 HPs)
             Began as a Tengu Wizard on Mar 20, 2018.
             Succumbed to an orc wizard's poison
             ... on level 3 of the Dungeon.
             The game lasted 00:03:06 (2459 turns).

Infinimo the Conjurer (Tengu Wizard)                Turns: 2459, Time: 00:03:07

Health: -1/28      AC:  2    Str: 10 (13) XL:     5   Next: 79%
Magic:  3/11       EV: 12    Int: 21 (24) God:
Gold:   75         SH:  0    Dex: 11 (12) Spells: 10/11 levels left

rFire    . . .     SeeInvis .   f - +0 whip (venom)
rCold    . . .     Gourm    .   (no shield)
rNeg     . . .     Faith    .   a - +0 robe
rPois    .         Spirit   .   b - +0 hat
rElec    .         Reflect  .   (no cloak)
rCorr    .         Harm     .   (no gloves)
MR       .....                  (boots unavailable)
Stlth    ++........             (no amulet)
HPRegen  0.09/turn              (no ring)
MPRegen  0.12/turn              (no ring)

@: mighty, brilliant, lethally poisoned (-1 -> -21)
A: beak, talons 3, able to fly 1
a: Fly


You were on level 3 of the Dungeon.
You were hungry.

You visited 1 branch of the dungeon, and saw 3 of its levels.

You collected 75 gold pieces.

Inventory:

Hand Weapons
 f - a +0 whip of venom (weapon)
Armour
 a - a +0 robe (worn)
 b - a +0 hat (worn)
Jewellery
 h - an uncursed amulet of guardian spirit {unknown}
Scrolls
 c - 4 scrolls of identify {unknown}
 i - 2 scrolls of remove curse {unknown}
 k - a scroll of enchant weapon {unknown}
 n - a scroll of teleportation {unknown}
Potions
 g - a potion of degeneration
 j - a potion of curing {unknown}
 l - a potion of haste {unknown}
 m - 2 potions of brilliance
Comestibles
 d - 3 rations


   Skills:
 - Level 2.1 Dodging
 - Level 2.0 Stealth
 + Level 3.5 Spellcasting
 - Level 6.7 Conjurations
   Level 1.2 Summonings
   Level 0.7 Translocations


You had 10 spell levels left.
You knew the following spells:

 Your Spells              Type           Power        Failure   Level  Hunger
a - Magic Dart            Conj           ####         1%          1    None


Dungeon Overview and Level Annotations

Branches:
Dungeon (3/15)

Altars:


Innate Abilities, Weirdness & Mutations

You have a beak for a mouth.
You have claws for feet.
You can fly.


Message History

Press: ? - help, Shift-Dir - straight line, f - orc wizard
Aim: an orc wizard, wielding a dagger of venom and wearing a robe (lightly wounded, fast)
The magic dart hits the orc wizard.
The orc wizard is heavily wounded.
* * * LOW HITPOINT WARNING * * *
You feel sick.
The orc wizard hits you with a dagger of venom.
* * * LOW HITPOINT WARNING * * *
You are more poisoned.
It was a potion of degeneration.
There was something very wrong with that liquid.
You feel weakened.
You feel dopey.
You feel clumsy.
* * * LOW HITPOINT WARNING * * *
You feel sick.
The orc wizard hits you with a dagger of venom.
* * * LOW HITPOINT WARNING * * *
You are more poisoned.
It was a potion of might.
You feel very mighty all of a sudden.
You die...

.... ... ### .!# #..
#.# #.# #)# #.# ##.##
########.# #(..#
#........# #o..#
#.##.....# #@(.#
#........#
####...#####........#
#..<.....(.#........#
#....................
#..........##...[...#
####..(######........
#.........# #.......#
#....<....# ####....#
#.........# #.#...


You could see an orc wizard.

Vanquished Creatures
  Natasha (thrice) (D:2)
  5 adders
  2 worms (D:3)
  A dart slug (D:1)
  2 leopard geckos
  6 orcs (D:3)
  3 bats
  6 giant cockroaches
  10 goblins
  8 hobgoblins
  3 jackals
  A quokka (D:2)
  3 ball pythons
  5 frilled lizards
  5 kobolds
  5 rats
68 creatures vanquished.

Notes
Turn   | Place    | Note
-------+----------+-------------------------------------------
     0 | D:1      | Infinimo the Tengu Wizard began the quest for the Orb.
     0 | D:1      | Reached XP level 1. HP: 10/10 MP: 5/5
     7 | D:1      | Reached skill level 2 in Conjurations
   153 | D:1      | Reached XP level 2. HP: 15/15 MP: 5/7
   245 | D:1      | Reached skill level 3 in Conjurations
   699 | D:1      | Reached XP level 3. HP: 19/19 MP: 6/8
   803 | D:1      | Reached skill level 4 in Conjurations
  1065 | D:2      | Noticed Natasha
  1072 | D:2      | Killed Natasha
  1072 | D:2      | Reached skill level 5 in Conjurations
  1072 | D:2      | Reached XP level 4. HP: 23/24 MP: 1/9
  1103 | D:2      | Noticed Natasha
  1107 | D:2      | Killed Natasha
  1316 | D:2      | Reached skill level 6 in Conjurations
  1560 | D:2      | Noticed Natasha
  1562 | D:2      | Killed Natasha
  1562 | D:2      | Gained mutation: You can fly. [Tengu growth]
  1562 | D:2      | Reached XP level 5. HP: 28/28 MP: 6/10
  2458 | D:3      | HP: 1/28 [orc wizard/dagger of venom (2)]
  2459 | D:3      | Succumbed to an orc wizard's poison

Vault maps used:
D:1:      dpeg_arrival_rooms_with_view, moated_statue
D:2:      minmay_split_cup_large, uniq_natasha
D:3:      minmay_diamond_boxcup, lemuel_zombie_altar_yredelemnul, first_ration

Skill      XL: |  1  2  3  4 |
---------------+-------------+-----
Conjurations   | 2 3 5 6 |  6.7
Dodging        | |  2.1
Stealth        | |  2.0
Spellcasting   | |  3.5
Summonings     | |  1.2
Translocations | |  0.7

Action                   |  1- 3 |  4- 6 || total
-------------------------+-------+-------++-------
Melee: Whip              |    16 |    25 ||    41
       Kick              |     1 |     7 ||     8
       Peck              |       |     3 ||     3
 Cast: Magic Dart        |    55 |    86 ||   141
  Use: Potion            |       |     3 ||     3
  Eat: Chunk             |       |     4 ||     4
Armor: Robe              |     2 |     8 ||    10
Dodge: Dodged            |    13 |    36 ||    49

Table legend:
 A = Spawn XP
 B = Non-spawn XP
 C = Spawn XP percentage of total XP
 D = Spawn monster count
 E = Non-spawn monster count
 F = Spawn count percentage of total count
 G = Total turns spent on level
                    A         B        C        D         E        F      G
               +---------+---------+-------+---------+---------+-------+---------
         Total |       0 |     288 |   0.0 |       0 |      68 |   0.0 |  2459
               +---------+---------+-------+---------+---------+-------+---------
           D:1 |       0 |      49 |   0.0 |       0 |      26 |   0.0 |  1065
           D:2 |       0 |     160 |   0.0 |       0 |      17 |   0.0 |   827
           D:3 |       0 |      79 |   0.0 |       0 |      25 |   0.0 |   567
               +---------+---------+-------+---------+---------+-------+---------
